 Dungeon Crawl Stone Soup version 0.23-a0-169-gb21e69520c (console) character file.

202 Heliocid the Caller (level 5, -6/29 HPs)
             Began as a Tengu Summoner on Sept 12, 2018.
             Was a Follower of the Shining One.
             Mangled by an orc warrior
             ... wielding a +0 halberd
              (8 damage)
             ... on level 5 of the Dungeon.
             The game lasted 00:29:23 (4080 turns).

Heliocid the Caller (Tengu Summoner)                Turns: 4080, Time: 00:29:24

Health: -6/29      AC:  4    Str: 14    XL:     5   Next: 80%
Magic:  3/10       EV: 13    Int: 17    God:    the Shining One [*.....]
Gold:   142        SH:  0    Dex: 14    Spells: 1/10 levels left

rFire    + . .     SeeInvis .   p - +0 spear
rCold    + . .     Gourm    .   (no shield)
rNeg     . . .     Faith    .   a - +0 robe
rPois    +         Spirit   .   (helmet restricted)
rElec    +         Reflect  .   v - +1 cloak
rCorr    +         Harm     .   (no gloves)
MR       .....                  (boots unavailable)
Stlth    +.........             (no amulet)
HPRegen  0.09/turn              b - +6 ring of strength
MPRegen  0.12/turn              (no ring)

@: resistant, glowing
A: beak, talons 3, able to fly 1
a: Fly, Renounce Religion


You were on level 5 of the Dungeon.
You worshipped the Shining One.
The Shining One was aware of your devotion.
You were hungry.

You visited 1 branch of the dungeon, and saw 5 of its levels.

You collected 142 gold pieces.

Inventory:

Hand Weapons
 p - a +0 spear (weapon)
 w - a cursed +0 short sword
Missiles
 h - 53 arrows
 k - 99 stones (quivered)
 o - 13 poisoned needles
 C - 41 sling bullets
Armour
 a - a +0 robe (worn)
 j - a +0 ring mail
 l - a +0 robe
 v - a +1 cloak (worn)
Jewellery
 b - a +6 ring of strength (left hand)
 q - a cursed ring of teleportation
Scrolls
 e - 2 scrolls of teleportation
 g - 4 scrolls of identify
 i - 3 scrolls of enchant armour
 m - a scroll of noise {unknown}
 r - 2 scrolls of immolation
 s - 2 scrolls of remove curse
 u - a scroll of amnesia {unknown}
 x - a scroll of fog {unknown}
 y - 2 scrolls of magic mapping {unknown}
 A - a scroll of random uselessness
 B - a scroll of fear {unknown}
Potions
 f - a potion of magic {unknown}
 n - a potion of curing {unknown}
 t - 2 potions of brilliance
 z - a potion of agility {unknown}
Comestibles
 c - 9 rations


   Skills:
 + Level 1.1 Fighting
 + Level 2.6 Polearms
 + Level 3.0 Dodging
 + Level 2.2 Stealth
 + Level 0.4 Unarmed Combat
 + Level 3.0 Spellcasting
 + Level 0.3 Hexes
 + Level 5.8 Summonings


You had one spell level left.
You knew the following spells:

 Your Spells              Type           Power        Failure   Level  Hunger
a - Summon Small Mammal   Summ           ###.         1%          1    None
b - Call Canine Familiar  Summ           ###.....     4%          3    ###....
c - Summon Guardian Gole  Hex/Summ       ##......     14%         3    ###....
d - Call Imp              Summ           ###.....     2%          2    ##.....

Your spell library contained the following spells:

 Spells                   Type           Power        Failure   Level  Hunger
 Magic Dart               Conj           #...         17%         1    None
 Slow                     Hex            #.......     22%         2    ##.....
 Blink                    Tloc           N/A          26%         2    ##.....
 Conjure Flame            Conj/Fire      #.......     45%         3    ###....
 Mephitic Cloud           Conj/Pois/Air  #.......     45%         3    ###....
 Summon Ice Beast         Ice/Summ       ##......     45%         4    ####...
 Summon Lightning Spire   Summ/Air       ##......     45%         4    ####...


Dungeon Overview and Level Annotations

Branches:
Dungeon (5/15)
 Temple: D:4-7

Altars:
The Shining One


Innate Abilities, Weirdness & Mutations

You have a beak for a mouth.
You have claws for feet.
You can fly.


Message History

Your quokka's corpse disappears in a puff of smoke!
Your bat hits the orc warrior but does no damage.
Your bat hits the orc warrior but does no damage. x3
The orc warrior completely misses you.
Your bat hits the orc warrior but does no damage.
The orc priest calls upon Beogh to heal the orc warrior.
The orc warrior's wounds heal themselves!
The orc warrior closely misses you.
You hit the orc priest.
The orc priest is severely wounded.
Your bat hits the orc warrior but does no damage.
The orc priest invokes the aid of Beogh against you.
Pain shoots through your body!
* * * LOW HITPOINT WARNING * * *
The orc warrior hits you from afar with a halberd!!
The Shining One protects you from harm!
Your bat hits the orc warrior but does no damage.
The orc priest casts a cantrip, but nothing happens.
The orc warrior hits you from afar with a halberd!
You die...

####..............##...
..................#####
#..............#
#..............#
##....##......##
#.....##......#
#.....##......#
#.....'.......#
#..@.b##......# ..
###.()##......# #.
#.oo##......# #.
#...##......# #.##
#(..######### #..#
#...# #..# #().# ..#
#..#####...#
#...o#o8......[.#


You could see an orc warrior, an orc priest and a friendly bat.

Vanquished Creatures
  A crimson imp (D:5)
  A hound (D:5)
  An orc wizard (D:4)
  An orc priest (D:4)
  An adder (D:3)
  5 worms
  2 dart slugs (D:3)
  A leopard gecko (D:4)
  2 orcs (D:4)
  A giant cockroach (D:1)
  5 goblins
  2 hobgoblins
  2 quokkas (D:3)
  10 bats
  2 frilled lizards (D:2)
  A kobold (D:2)
  7 rats
45 creatures vanquished.

Vanquished Creatures (collateral kills)
  An orc wizard (D:5)
  An adder (D:2)
  An adder skeleton (D:5)
  10 orcs
  A ball python (D:1)
  3 bats
  4 goblins
  2 hobgoblins
  2 kobolds
  A quokka (D:3)
  3 frilled lizards
  2 rats
31 creatures vanquished.

Grand Total: 76 creatures vanquished

Notes
Turn   | Place    | Note
-------+----------+-------------------------------------------
     0 | D:1      | Heliocid the Tengu Summoner began the quest for the Orb.
     0 | D:1      | Reached XP level 1. HP: 10/10 MP: 4/4
   150 | D:1      | Reached skill level 5 in Summonings
   225 | D:1      | Reached XP level 2. HP: 11/15 MP: 6/6
   803 | D:2      | Learned a level 2 spell: Call Imp
   988 | D:2      | Reached XP level 3. HP: 4/19 MP: 7/7
  1262 | D:2      | Found a glowing golden altar of the Shining One.
  1576 | D:2      | Learned a level 3 spell: Summon Guardian Golem
  1601 | D:2      | Became a worshipper of the Shining One
  1754 | D:2      | Reached skill level 1 in Polearms
  2266 | D:3      | Reached XP level 4. HP: 24/24 MP: 6/8
  3244 | D:4      | Reached skill level 1 in Fighting
  3244 | D:4      | Gained mutation: You can fly. [Tengu growth]
  3244 | D:4      | Reached XP level 5. HP: 28/29 MP: 5/10
  3264 | D:4      | HP: 1/29 [orc wizard/magic dart (6)]
  3578 | D:4      | Learned a level 3 spell: Call Canine Familiar
  3857 | D:5      | Entered Level 5 of the Dungeon
  4021 | D:5      | Noticed an orc warrior
  4021 | D:5      | Reached * piety under the Shining One
  4079 | D:5      | The Shining One protects you from harm!
  4080 | D:5      | Mangled by an orc warrior

Vault maps used:
D:1:      dpeg_arrival_chambers_temple_mockup
D:2:      tso_metal_star, nicolae_underground_beach
D:4:      gammafunk_ghost_smash, first_ration
D:5:      guppyfry_early_orc_mine, uniq_grinder, uniq_crazy_yiuf_cottage

Skill      XL: |  1  2  3  4  5 |
---------------+----------------+-----
Summonings     | 5 |  5.8
Polearms       | 1 2 |  2.6
Fighting       | 1 |  1.1
Dodging        | 3 |  3.0
Spellcasting   | 3 |  3.0
Stealth        | |  2.2
Unarmed Combat | |  0.4
Hexes          | |  0.3

Action                   |  1- 3 |  4- 6 || total
-------------------------+-------+-------++-------
Melee: Unarmed           |    17 |       ||    17
       Kick              |    21 |    16 ||    37
       Peck              |     7 |    11 ||    18
       Spear             |    60 |    54 ||   114
 Cast: Summon Small Mamm |    23 |    23 ||    46
       Call Imp          |     4 |       ||     4
       Summon Guardian G |       |     6 ||     6
       Call Canine Famil |       |     3 ||     3
  Use: Scroll            |     5 |     4 ||     9
       Potion            |       |     1 ||     1
 Stab: Sleeping          |     1 |       ||     1
  Eat: Chunk             |     1 |     3 ||     4
       Ration            |     1 |     1 ||     2
Armor: Robe              |    25 |    19 ||    44
Dodge: Dodged            |    68 |    40 ||   108

Table legend:
 A = Non-vault XP
 B = Vault XP
 C = Vault XP percentage of total XP
 D = Non-vault monster count
 E = Vault monster count
 F = Vault count percentage of total count
                 A         B        C        D         E       F
            +---------+---------+-------+---------+---------+-------
      Total |     263 |      26 |   9.0 |      71 |       5 |   6.6
            +---------+---------+-------+---------+---------+-------
        D:1 |      15 |       0 |   0.0 |      12 |       0 |   0.0
        D:2 |      43 |       0 |   0.0 |      21 |       0 |   0.0
        D:3 |      70 |       0 |   0.0 |      28 |       0 |   0.0
        D:4 |      65 |       0 |   0.0 |       7 |       0 |   0.0
        D:5 |      70 |      26 |  27.1 |       3 |       5 |  62.5
            +---------+---------+-------+---------+---------+-------
